 Dungeon Crawl Stone Soup version 0.29.0-11-gd7f09526c8 (webtiles) character file.

Game seed: 898385928707332636

69 pacmanke6689 the Shooter (level 4, -3/39 HPs)
             Began as a Kobold Arcane Marksman on Sept 6, 2022.
             Slain by a river rat (4 damage)
             ... on level 3 of the Dungeon.
             The game lasted 00:07:10 (2101 turns).

pacmanke6689 the Shooter (Kobold Arcane Marksman)   Turns: 2101, Time: 00:07:12

Health: -3/39      AC: 22    Str:  7    XL:     4   Next: 42%
Magic:  6/6        EV:  3    Int: 14    God:
Gold:   68         SH:  0    Dex: 17    Spells: 3/6 levels left

rFire   . . .      SeeInvis .   a - +1 sling
rCold   . . .      Faith    .   (no shield)
rNeg    . . .      Spirit   .   (body armour currently unavailable)
rPois   +          Reflect  .   (helmet currently unavailable)
rElec   .          Harm     .   (cloak currently unavailable)
rCorr   .          Rampage  .   (gloves currently unavailable)
Will    .....      NoTele   +   (boots currently unavailable)
Stlth   +++.......              (no amulet)
HPRegen 0.13/turn               (no ring)
MPRegen 0.10/turn               (no ring)

@: tree-form
A: stationary, stasis, torment immunity, boosted hp, small, no large weapons,
nightstalker 3
a: no special abilities


You were on level 3 of the Dungeon.
You were a tree.
You visited 1 branch of the dungeon, and saw 3 of its levels.

You collected 68 gold pieces.

Inventory:

Hand Weapons
 a - a +1 sling (weapon)
Armour
 c - a +0 robe (melded)
 j - a +0 helmet (melded)
Jewellery
 e - a ring of fire
 f - a +4 ring of protection
Wands
 g - a wand of mindburst (21)
Scrolls
 b - a scroll of poison
 d - 2 scrolls of identify {unknown}
 h - 2 scrolls of teleportation {unknown}


   Skills:
 + Level 1.7 Fighting
 + Level 4.6 Ranged Weapons
 + Level 2.8 Dodging
 + Level 1.5 Spellcasting
 + Level 3.2 Hexes


You had 3 spell levels left.
You knew the following spells:

 Your Spells              Type           Power      Damage    Failure   Level
a - Slow                  Hex            40%        N/A       7%          1
b - Ensorcelled Hibernat  Hex/Ice        10%        N/A       19%         2

Your spell library contained the following spells:

 Spells                   Type           Power      Damage    Failure   Level
 Inner Flame              Hex/Fire       5%         N/A       36%         3
 Portal Projectile        Hex/Tloc       10%        N/A       36%         3
 Ozocubu's Armour         Ice            1%         N/A       58%         3
 Spider Form              Tmut/Pois      1%         N/A       58%         3
 Cause Fear               Hex            5%         N/A       54%         4
 Anguish                  Hex/Necr       2%         N/A       77%         4
 Ozocubu's Refrigeration  Ice            0%         4d7       100%        7


Dungeon Overview and Level Annotations

Branches:
Dungeon (3/15)

Altars:


Innate Abilities, Weirdness & Mutations

You are a tree.
Your roots penetrate the ground, keeping you stationary.
You cannot be teleported.
You are immune to unholy pain and torment.
Your maximum health is greatly increased.
Your equipment is partially melded.
You are small and have problems with some larger weapons.
You are completely attuned to the shadows.


Message History

* * * LOW HITPOINT WARNING * * *
Fire: a) +1 sling
Press: ? - help, Q - select action, (/) - cycle Shift-Dir - straight line, f/p - worm
Aim: a worm (severely wounded, 79% to hit)
Okay, then.
It was a potion of lignification.
You turn into a tree.
Your +0 helmet melds into your body.
Your +0 robe melds into your body.
Your roots penetrate the ground.
The river rat barely misses you.
It was a potion of magic.
Magic courses through your body.
You hear the rusting of a drain very nearby.
The worm barely misses you.
The river rat twitches its whiskers.
The river rat bites you but does no damage.
Fire: a) +1 sling
Press: ? - help, Q - select action, (/) - cycle Shift-Dir - straight line, f/p - worm
Aim: a worm (severely wounded, 79% to hit)
You shoot a sling bullet. The sling bullet hits the worm.
The worm is almost dead.
The river rat bites you but does no damage.
The worm barely misses you.
Fire: a) +1 sling
Press: ? - help, Q - select action, (/) - cycle Shift-Dir - straight line, f/p - worm
Aim: a worm (severely wounded, 79% to hit)
You shoot a sling bullet. The sling bullet hits the worm.
You kill the worm!
The river rat bites you but does no damage.
Fire: a) +1 sling
Press: ? - help, Q - select action, (/) - cycle Shift-Dir - straight line, f - river rat
Aim: a river rat (57% to hit)
You shoot a sling bullet.
The sling bullet closely misses the river rat.
The river rat bites you.
* * * LOW HITPOINT WARNING * * *
Fire: a) +1 sling
Press: ? - help, Q - select action, (/) - cycle Shift-Dir - straight line, f/p - river rat
Aim: a river rat (57% to hit)
You shoot a sling bullet.
The sling bullet closely misses the river rat.
The river rat bites you.
You die...

########## #........#
#.#####..###### ####
#.# #....♣....
...####.####....r....
.#............~~†~~.~
...####.###.####~#~#~
.### #.###.# ~~~~~ ##
#.....# # #####.# #.#
..#


You could see a river rat.

Vanquished Creatures
  2 adders (D:2)
  2 worms
  A dart slug (D:1)
  4 ball pythons
  5 bats
  2 endoplasms
  3 giant cockroaches
  4 goblins
  A hobgoblin (D:2)
  2 jackals (D:2)
  4 kobolds
  4 quokkas
  A frilled lizard (D:2)
  4 rats
39 creatures vanquished.

Vanquished Creatures (others)
  A plant (D:1)
1 creature vanquished.

Grand Total: 40 creatures vanquished

Notes
Turn   | Place    | Note
-------+----------+-------------------------------------------
     0 | D:1      | pacmanke6689 the Kobold Arcane Marksman began the quest for
                  | the Orb.
     0 | D:1      | Reached XP level 1. HP: 12/12 MP: 2/2
   122 | D:1      | Reached skill level 3 in Ranged Weapons
   124 | D:1      | Reached XP level 2. HP: 16/16 MP: 3/3
   198 | D:1      | Found a faded altar of an unknown god.
   622 | D:1      | Reached XP level 3. HP: 20/20 MP: 4/4
   625 | D:1      | Learned a level 2 spell: Ensorcelled Hibernation
  1220 | D:2      | Reached skill level 4 in Ranged Weapons
  1550 | D:2      | Reached XP level 4. HP: 25/25 MP: 6/6
  2095 | D:3      | HP: 1/25 [worm (10)]
  2100 | D:3      | HP: 1/39 [river rat (1)]
  2101 | D:3      | Slain by a river rat

Illustrated notes

Levels and vault maps discovered:
D:1:      lemuel_arrival_river_ford, layout_basic,
          dreamdust_ecumenical_altar_grove
D:2:      layout_rooms
D:3:      layout_loops_corners, mainiacjoe_overflow_cross_hatched,
          lightli_sewer_entry_pipes, minmay_tree_intersection,
          minmay_box_of_dots, uniq_sigmund, uniq_terence

Skill      XL: |  1  2  3 |
---------------+----------+-----
Ranged Weapons | 3 4 |  4.6
Fighting       | |  1.7
Dodging        | |  2.8
Spellcasting   | |  1.5
Hexes          | |  3.2

Action                   |  1- 3 |  4- 6 || total
-------------------------+-------+-------++-------
 Fire: Sling             |    87 |    29 ||   116
 Cast: Slow              |    19 |     1 ||    20
       Ensorcelled Hiber |     1 |     2 ||     3
  Use: Scroll            |     2 |       ||     2
       Potion            |     1 |     2 ||     3
Armor: Robe              |    15 |     2 ||    17
       Skin              |       |     3 ||     3
Dodge: Dodged            |    55 |    10 ||    65
